 Dungeon Crawl Stone Soup version 0.29-a0-872-g797fff5ad1 (webtiles) character file.

Game seed: 12769674361442334651

121 mathmaestro the Grave Robber (level 4, 0/49 HPs)
             Began as a Demonspawn Necromancer on July 18, 2022.
             Slain by an orc wizard
             ... wielding a +0 dagger
              (2 damage)
             ... on level 4 of the Dungeon.
             The game lasted 00:09:22 (3569 turns).

mathmaestro the Grave Robber (DsNe)                 Turns: 3569, Time: 00:09:22

Health: 0/49       AC:  5    Str:  8    XL:     4   Next: 77%
Magic:  5/8        EV: 12    Int: 18    God:
Gold:   286        SH:  0    Dex: 18    Spells: 0/8 levels left

rFire   . . .      SeeInvis .   i - staff of death
rCold   . . .      Faith    .   (no shield)
rNeg    + . .      Spirit   .   a - +2 leather armour {rPois}
rPois   +          Reflect  .   (no helmet)
rElec   .          Harm     .   (no cloak)
rCorr   .          Rampage  .   (no gloves)
Will    .....                   (no boots)
Stlth   ..........              (no amulet)
HPRegen 0.16/turn               (no ring)
MPRegen 0.11/turn               (no ring)

@: berserking, hasted, very quick
A: thin skeletal structure 2
a: no special abilities


You were on level 4 of the Dungeon.
You visited 1 branch of the dungeon, and saw 4 of its levels.

You collected 286 gold pieces.

Inventory:

Hand Weapons
 p - a +0 dagger of speed
 r - a +0 hand axe
Missiles
 f - 3 boomerangs
Armour
 a - a +2 leather armour of poison resistance (worn)
Magical Staves
 i - a staff of death (weapon)
Scrolls
 e - a scroll of torment
 k - a scroll of identify
 l - a scroll of amnesia
 n - 4 scrolls of immolation
 q - a scroll of acquirement {unknown}
Potions
 b - a potion of magic
 c - a potion of lignification {unknown}
 d - 3 potions of haste
 g - 2 potions of mutation {unknown}
 h - a potion of heal wounds {unknown}
 j - a potion of ambrosia {unknown}
 m - a potion of berserk rage
 o - a potion of brilliance {unknown}


   Skills:
 + Level 1.8 Fighting
 + Level 1.1 Armour
 - Level 2.0 Dodging
 - Level 2.0 Stealth
 + Level 2.7 Spellcasting
 + Level 5.0 Necromancy
 + Level 1.5 Evocations


You couldn't memorise any spells.
You knew the following spells:

 Your Spells              Type           Power      Damage    Failure   Level
a - Necrotise             Necr           100%       1d9       3%          1
b - Vampiric Draining     Necr           30%        2d8       9%          3
c - Animate Dead          Necr           30%        N/A       30%         4

Your spell library contained the following spells:

 Spells                   Type           Power      Damage    Failure   Level
 Sublimation of Blood     Necr           30%        N/A       4%          2
 Wereblood                Tmut           2%         N/A       34%         2
 Agony                    Necr           30%        N/A       63%         5
 Summon Hydra             Summ           1%         N/A       100%        7


Dungeon Overview and Level Annotations

Branches:
Dungeon (4/15)
 Temple: D:4-7

Altars:

Annotations:
D:4 Menkaure


Innate Abilities, Weirdness & Mutations

You have a moderately thin skeletal structure. (Dex +4, Stealth++)


Message History

Press: ? - help, Shift-Dir - straight line, f - orc wizard
Aim: an orc wizard, wielding a +0 dagger and wearing a +0 robe (wandering, hasn't noticed you, chance to affect: 83%)
You feel a surge of power!
The orc wizard shouts!
The orc wizard writhes in agony.
Unknown command.
Casting: Necrotise (safe; 3% risk of failure)
Confirm with . or Enter, or press ? or * to list all spells.
Aiming: Necrotise (safe; 3% risk of failure)
Press: ? - help, Shift-Dir - straight line, f/p - orc wizard
Aim: an orc wizard, wielding a +0 dagger and wearing a +0 robe (moderately wounded, chance to affect: 83%)
You feel a surge of power!
The orc wizard writhes in agony.
The orc wizard gestures wildly while chanting.
The orc wizard flickers and vanishes!
Deactivating autopickup; reactivate with Ctrl-A.
An endoplasm comes into view.
Something hits you but does no damage. The orc barely misses you.
You hit something.
Something writhes in agony.
Something hits you but does no damage. The orc hits you but does no damage.
The orc hits you from afar with a +0 trident!
You hear some strange, mumbled words.
A magic dart appears from out of thin air!
The magic dart hits you!
You hit something but do no damage. Something hits you.
The orc hits you but does no damage.
You barely miss something. Something hits you but does no damage.
The orc hits you from afar with a +0 trident.
Something hits you but does no damage. Something hits you but does no damage.
Something hits you but does no damage. Something hits you.
You hear some strange, mumbled words.
A puff of flame appears from out of thin air!
The puff of flame hits you!
* * * LOW HITPOINT WARNING * * *
It was a potion of haste.
You feel yourself speed up.
It was a potion of berserk rage.
A red film seems to cover your vision as you go berserk!
You feel yourself moving faster!
You feel mighty! Something hits you.
You die...

# ## #. #. ###########.
########..........#
#.@......########.#
#{#####..# #.# #o# #..# #.#
#######J# #..# ####.#
..[.....#####..#####.....
########...##.Z......##.# .#
#.###.##(########.# ###
#.#######o# #..........##.#
#..
.........)J###.##.#####.##.#


You could see an orc and an endoplasm.

Vanquished Creatures
  3 adders
  2 worms (D:2)
  A dart slug (D:3)
  4 orcs
  2 ball pythons
  8 endoplasms
  2 giant cockroaches (D:1)
  8 goblins
  6 hobgoblins
  6 jackals
  7 quokkas
  7 bats
  A frilled lizard (D:2)
  4 kobolds
  3 rats
64 creatures vanquished.

Vanquished Creatures (collateral kills)
  A dart slug (D:4)
  An orc (D:3)
  An endoplasm (D:2)
  A rat (D:3)
4 creatures vanquished.

Vanquished Creatures (others)
  A plant (D:1)
  2 withered plants (D:1)
3 creatures vanquished.

Grand Total: 71 creatures vanquished

Notes
Turn   | Place    | Note
-------+----------+-------------------------------------------
     0 | D:1      | mathmaestro the Demonspawn Necromancer began the quest for
                  | the Orb.
     0 | D:1      | Reached XP level 1. HP: 13/13 MP: 3/3
   447 | D:1      | Gained mutation: You have a somewhat thin skeletal
                  | structure. (Dex +2, Stealth+) [demonic ancestry]
   447 | D:1      | Reached XP level 2. HP: 20/20 MP: 3/5
  1118 | D:1      | Found a faded altar of an unknown god.
  1344 | D:2      | Reached skill level 1 in Fighting
  1348 | D:2      | Reached XP level 3. HP: 26/26 MP: 0/6
  2321 | D:2      | Reached skill level 1 in Evocations
  2596 | D:3      | Gained mutation: You have a moderately thin skeletal
                  | structure. (Dex +4, Stealth++) [demonic ancestry]
  2596 | D:3      | Reached XP level 4. HP: 32/32 MP: 2/7
  2706 | D:3      | Learned a level 3 spell: Vampiric Draining
  2718 | D:3      | Learned a level 4 spell: Animate Dead
  3163 | D:3      | Reached skill level 1 in Armour
  3313 | D:4      | Noticed Menkaure
  3548 | D:4      | Reached skill level 5 in Necromancy
  3567 | D:4      | HP: 1/33 [something/puff of flame (9)]
  3569 | D:4      | Slain by an orc wizard

Illustrated notes

Levels and vault maps discovered:
D:1:      onia_arrival_mini_spirals, layout_loops_corners,
          shapermc_ecumenical_altar_flowoftime, nrook_mini_vaults,
          minmay_distorted
D:2:      layout_basic
D:3:      layout_loops_ring, minmay_goblin_outpost
D:4:      layout_loops_ring, general_overflow_altar, uniq_menkaure, uniq_edmund

Skill      XL: |  1  2  3  4 |
---------------+-------------+-----
Stealth        | 2 |  2.0
Dodging        | 2 |  2.0
Fighting       | 1 |  1.8
Evocations     | 1 |  1.5
Armour         | 1 |  1.1
Necromancy     | 5 |  5.0
Spellcasting   | |  2.7

Action                   |  1- 3 |  4- 6 || total
-------------------------+-------+-------++-------
Melee: Club              |     4 |       ||     4
       Staff             |    25 |     3 ||    28
       Dagger            |     2 |       ||     2
 Cast: Necrotise         |    76 |    47 ||   123
  Use: Scroll            |     4 |     1 ||     5
       Potion            |       |     2 ||     2
Armor: Robe              |     1 |       ||     1
       Leather armour    |     7 |    11 ||    18
Dodge: Dodged            |    17 |     6 ||    23

Table legend: (Time is in decaauts)
 A = Elapsed time spent in this place.
 B = Non-inter-level travel time spent in this place.
 C = Inter-level travel time spent in this place.
 D = Time resting spent in this place.
 E = Time spent auto-exploring this place.
 F = Levels seen in this place.
 G = Mean time per level.
                   A        B        C        D        E       F      G
               +--------+--------+--------+--------+--------+-----+--------+
         Total |   3575 |   3286 |    289 |    435 |   2220 |   4 |  893.8 |
       Dungeon |   3575 |   3286 |    289 |    435 |   2220 |   4 |  893.8 |
               +--------+--------+--------+--------+--------+-----+--------+

Top non-repeatable levels by time:
     D:1: 1421 daAuts
     D:2: 990 daAuts
     D:3: 939 daAuts
     D:4: 223 daAuts
